 Dungeon Crawl Stone Soup version 0.27-a0-409-gd57800a693 (webtiles) character file.

Game seed: 2682960609034864990

212790 Morbidden the Peltast (level 18, 0/143 HPs)
             Began as a Demonspawn Fighter on Feb 22, 2021.
             Was the Champion of Cheibriados.
             Hit by a silver javelin thrown by a merfolk javelineer (12 damage)
             ... on level 4 of the Shoals on Feb 23, 2021.
             The game lasted 01:03:29 (30627 turns).

Morbidden the Peltast (Demonspawn Fighter)         Turns: 30627, Time: 01:03:30

Health: 0/143      AC: 22    Str: 44    XL:     18   Next: 25%
Magic:  31/40      EV: 30    Int: 35    God:    Cheibriados [******]
Gold:   2367       SH: 29    Dex: 36    Spells: 24/36 levels left

rFire    + + +     SeeInvis +   b - +4 rapier (elec)
rCold    x . .     Faith    .   F - +10 kite shield of the Fife {rPois rF+++ Will- MP+9}
rNeg     . . .     Spirit   .   B - +1 chain mail of the Spheres {Regen+ Int+3 Slay+3 Stlth-}
rPois    +         Reflect  .   (helmet restricted)
rElec    +         Harm     .   V - +1 cloak of Starlight {*Dazzle EV+4 Stlth--}
rCorr    .         Rampage  .   U - +0 pair of gloves
Will     .....                  P - +5 pair of boots of Bitterness {+Fly rElec rC- SInv}
Stlth    +.........             L - amulet "Omer" {Regen+ Int+2 SInv}
HPRegen  2.33/turn              A - +6 ring of strength
MPRegen  0.27/turn              G - +6 ring of strength

@: studying 2 skills, very slow
A: horns 2, thin skeletal structure 3, foul stench 2, MP-powered wands, demonic
magic 2
}: 1/15 runes: gossamer
a: Renounce Religion, Evoke Flight, Bend Time, Temporal Distortion, Slouch, Step
From Time


You were on level 4 of the Shoals.
You worshipped Cheibriados.
Cheibriados was exalted by your worship.
You visited 6 branches of the dungeon, and saw 32 of its levels.
You also visited: Sewer, Bailey and Gauntlet.

You collected 3490 gold pieces.
You spent 1123 gold pieces at shops.

Inventory:

Hand Weapons
 a - a +1 scimitar of flaming
 b - a +4 rapier of electrocution (weapon)
 Y - a +2 dagger of electrocution
Missiles
 e - 102 poisoned darts
 k - 128 boomerangs
 r - 2 curare-tipped darts
 I - 15 throwing nets
 X - 65 silver javelins
Armour
 B - the +1 chain mail of the Spheres (worn) {Regen+ Int+3 Slay+3 Stlth-}
   (You found it on level 4 of the Dungeon)

   It affects your intelligence (+3).
   It affects your accuracy and damage with ranged weapons and melee attacks
   (+3).
   It increases your rate of regeneration.
   It makes you less stealthy.
 F - the +10 kite shield of the Fife (worn) {rPois rF+++ Will- MP+9}
   (You acquired it on level 12 of the Dungeon)

   It renders you almost immune to fire.
   It protects you from poison.
   It affects your willpower, your defense against some magical effects.
   It affects your magic capacity (+9).
 H - a +2 tower shield of reflection
 P - the +5 pair of boots of Bitterness (worn) {+Fly rElec rC- SInv}
   (You bought it in a shop on level 2 of the Orcish Mines)

   It makes you vulnerable to cold.
   It insulates you from electricity.
   It lets you see invisible.
   It lets you fly.
 U - a +0 pair of gloves (worn)
 V - the +1 cloak of Starlight (worn) {*Dazzle EV+4 Stlth--}
   (You acquired it on level 1 of the Shoals)

   It affects your evasion (+4).
   It makes you much less stealthy.
Jewellery
 l - a ring of fire
 A - a +6 ring of strength (left hand)
 E - a ring of magical power
 G - a +6 ring of strength (right hand)
 J - a ring of fire
 L - the amulet "Omer" (around neck) {Regen+ Int+2 SInv}
   (You bought it in a shop on level 6 of the Dungeon)

   [amulet of regeneration]

   It affects your intelligence (+2).
   It lets you see invisible.
   It increases your rate of regeneration.
 R - an amulet of reflection
Wands
 g - a wand of iceblast (1)
 m - a wand of flame (52) (quivered)
 x - a wand of acid (17)
 N - a wand of digging (14)
 Q - a wand of paralysis (26)
 S - a wand of mindburst (45)
 T - a wand of charming (32)
Scrolls
 c - 6 scrolls of fog
 h - 3 scrolls of magic mapping
 j - a scroll of brand weapon
 p - 5 scrolls of amnesia
 t - 4 scrolls of immolation
 w - 14 scrolls of teleportation
 y - 2 scrolls of enchant armour
 z - 6 scrolls of blinking
 K - 4 scrolls of enchant weapon
Potions
 d - 6 potions of might
 f - 4 potions of berserk rage
 i - 20 potions of curing
 n - 4 potions of mutation {unknown}
 o - 11 potions of flight {unknown}
 q - 6 potions of brilliance
 s - 8 potions of heal wounds {unknown}
 u - 5 potions of resistance
 v - 6 potions of lignification
 C - 9 potions of ambrosia
 D - 6 potions of magic
 M - a potion of invisibility
 O - a potion of cancellation
Miscellaneous
 Z - a tin of tremorstones (inert)


   Skills:
 * Level 13.0 Fighting
 + Level 8.6(9.6) Short Blades
 + Level 6.6(8.7) Long Blades
 + Level 1.5 Throwing
 + Level 8.6 Armour
 * Level 10.5 Dodging
 + Level 5.7 Stealth
 + Level 15.0 Shields
 * Level 9.7 Spellcasting
 * Level 10.0 Conjurations
 + Level 6.3 Translocations
 * Level 5.8 Earth Magic
 + Level 11.2 Invocations
 * Level 6.6 Evocations


You had 24 spell levels left.
You knew the following spells:

 Your Spells              Type           Power        Failure   Level
a - Searing Ray           Conj           100%         1%          2
b - Iskenderun's Mystic   Conj/Tloc      65%          2%          4
c - Iron Shot             Conj/Erth      32%          38%         6

Your spell library contained the following spells:

 Spells                   Type           Power        Failure   Level
 Apportation              Tloc           100%         1%          1
 Foxfire                  Conj/Fire      100%         1%          1
 Magic Dart               Conj           100%         1%          1
 Blink                    Tloc           N/A          1%          2
 Gell's Gravitas          Tloc           28%          1%          3
 Lesser Beckoning         Tloc           28%          1%          3
 Conjure Flame            Conj/Fire      51%          2%          3
 Dazzling Flash           Conj/Hex       100%         2%          3
 Mephitic Cloud           Conj/Pois/Air  40%          5%          3
 Portal Projectile        Hex/Tloc       78%          5%          3
 Animate Skeleton         Necr           34%          7%          1
 Beastly Appendage        Tmut           34%          7%          1
 Corona                   Hex            18%          7%          1
 Summon Small Mammal      Summ           68%          7%          1
 Fulminant Prism          Conj/Hex       25%          9%          4
 Sticky Flame             Conj/Fire      51%          9%          4
 Call Imp                 Summ           17%          11%         2
 Ensorcelled Hibernation  Hex/Ice        34%          11%         2
 Slow                     Hex            17%          11%         2
 Wereblood                Tmut           17%          11%         2
 Confusing Touch          Hex            17%          21%         3
 Ignite Poison            Fire/Tmut/Pois 17%          21%         3
 Inner Flame              Hex/Fire       17%          21%         3
 Spider Form              Tmut/Pois      8%           21%         3
 Tukima's Dance           Hex            17%          21%         3
 Animate Armour           Summ/Erth      74%          21%         4
 Leda's Liquefaction      Hex/Erth       18%          21%         4
 Petrify                  Tmut/Erth      37%          21%         4
 Bolt of Magma            Conj/Fire/Erth 26%          22%         5
 Fireball                 Conj/Fire      25%          24%         5
 Irradiate                Conj/Tmut      25%          24%         5
 Borgnjor's Vile Clutch   Necr/Erth      18%          50%         5
 Cause Fear               Hex            8%           56%         4
 Ice Form                 Ice/Tmut       17%          56%         4
 Starburst                Conj/Fire      25%          80%         6
 Blade Hands              Tmut           8%           88%         5
 Metabolic Englaciation   Hex/Ice        8%           88%         5
 Silence                  Hex/Air        8%           88%         5
 Summon Mana Viper        Hex/Summ       17%          88%         5
 Yara's Violent Unravell  Hex/Tmut       8%           88%         5
 Statue Form              Tmut/Erth      24%          97%         6
 Hydra Form               Tmut           8%           100%        6
 Invisibility             Hex            17%          100%        6
 Dragon Form              Tmut           8%           100%        7
 Chain Lightning          Conj/Air       25%          100%        8
 Discord                  Hex            8%           100%        8
 Ignition                 Fire           8%           100%        8
 Lehudib's Crystal Spear  Conj/Erth      32%          100%        8
 Absolute Zero            Ice            8%           100%        9
 Fire Storm               Conj/Fire      25%          100%        9
 Shatter                  Erth           27%          100%        9


Dungeon Overview and Level Annotations

Branches:
Dungeon (15/15)            Temple (1/1) D:7            Lair (6/6) D:9
 Shoals (4/4) Lair:4       Spider (4/4) Lair:2        Slime (0/5) Lair:6
    Orc (2/2) D:12            Elf (0/3) Orc:2        Vaults (0/5) D:14
 Depths (0/5) D:15          Sewer (visited)          Bailey (visited)
Gauntlet (visited)

Altars:
Ashenzari
Cheibriados
Dithmenos
Elyvilon
Fedhas
Gozag
Hepliaklqana
Kikubaaqudgha
Makhleb
Nemelex Xobeh
Okawaru
Qazlal
Ru
Sif Muna
Trog
Uskayaw
Vehumet
Wu Jian
Xom
Yredelemnul
Zin
The Shining One
Beogh
Jiyva

Shops:
D:4 ?   D:6 =   D:9 *   D:11 (:***   D:15 *   Orc:2 *[((   Shoals:1 (
Shoals:3 (

Annotations:
D:6 2 transporters
D:11 2 transporters, UristMcRaven's ghost, journeyman VSEE
D:14 3 runed translucent doors, mojasp's ghost, journeyman VSBe
Orc:2 2 transporters, Xuxicuu's ghost, journeyman TrMo


Innate Abilities, Weirdness & Mutations

You have a pair of horns on your head.
You have an unnaturally thin skeletal structure. (Dex +6, Stealth++)
You sometimes emit foul miasma when damaged in melee.
Spells you cast may paralyse nearby enemies.
You expend magic power (3 MP) to strengthen your wands.


Message History

Your Conjurations skill increases to level 10!
Unknown command.
You are too injured to fight recklessly!
You are too injured to fight recklessly!
Unknown command.
You are too injured to fight recklessly!
You are too injured to fight recklessly!
You block the water nymph's attack.
Splash!
You fall into the shallow water.
Moving in this stuff is going to be slow.
A merfolk aquamancer comes into view. It is wielding a +1 rapier of speed.
You block the water nymph's attack.
You closely miss the water nymph. Your headbutt misses the water nymph.
A merfolk impaler comes into view. It is wielding a +1 trident of flaming.
A merfolk javelineer comes into view.
It is wielding a +0 spear and quivering silver javelins.
You block the water nymph's attack.
Your unstable footing causes you to fumble your attack.
You block the water nymph's attack.
You puncture the water nymph! You headbutt the water nymph!!
The water nymph is severely wounded.
You puncture the water nymph! You headbutt the water nymph.
The water nymph is almost dead.
The sentinel's mark upon you fades away.
A merfolk siren comes into view. It is wielding a +0 spear.
You block the water nymph's attack.
Unknown command.
Unknown command.
The merfolk javelineer throws a silver javelin.
The silver javelin pierces through you! The silver sears you!
The water nymph points at you and mumbles some strange words.
The water swirls and strikes you!!
* * * LOW HITPOINT WARNING * * *
The merfolk aquamancer casts a spell at you.
You block the torrent of water.
The wave splashes down.
The merfolk javelineer throws a silver javelin.
The silver javelin pierces through you!!
* * * LOW HITPOINT WARNING * * *
The silver sears you!
You die...

≈≈≈.... ≈≈≈≈≈≈≈≈≈#
≈≈≈≈≈... ≈≈≈≈≈≈≈≈≈#≈≈φ
#≈≈≈≈≈≈≈≈.
≈≈≈≈≈≈≈≈≈#≈≈≈≈≈#≈≈≈≈≈≈≈≈.
≈≈≈≈≈≈...##≈≈≈##≈≈≈≈≈≈≈..
≈≈≈))≈....##'##≈≈≈≈≈≈≈...
...)).≈≈...m≈≈≈≈≈≈...≈...
P.....≈m≈...m≈≈≈≈≈≈≈≈....
......≈≈@≈mm....≈≈≈≈....)
P......≈†≈.............÷.
P.....}..<≈..≈#≈#≈.......
#...[.....†.≈#≈≈≈#≈......
#.......≈≈≈.#≈≈≈≈≈#......
#....≈...≈..≈≈≈≈≈≈≈......
#....≈≈≈)...#≈≈≈≈≈#......
#≈≈≈≈≈≈≈....≈#≈≈≈#≈......
≈≈≈≈≈≈≈≈≈≈...≈#≈#≈.......


You could see a merfolk impaler, a merfolk javelineer, a merfolk aquamancer, a
merfolk siren and a water nymph.

Vanquished Creatures
  Saint Roka (Orc:2)
  Nikola (Spider:2)
  Arachne (Spider:2)
  Asterion (Spider:4)
  Gastronok (Lair:3)
  3 krakens
  Kirke (Shoals:1)
  Ilsuiw (Shoals:4)
  5 emperor scorpions (Spider:4)
  6 ghost moths
  Louise (Spider:4)
  An orc warlord (Orc:1)
  A minotaur (Gauntlet)
  2 entropy weavers (Spider:2)
  7 merfolk javelineers
  A yaktaur captain (D:15)
  7 merfolk impalers
  Josephine (Shoals:1)
  An ogre mage (D:14)
  11 hydras
  A rakshasa (D:13)
  3 boulder beetles
  5 merfolk avatars
  A catoblepas (Shoals:3)
  3 centaur warriors
  2 alligator snapping turtles
  2 merfolk aquamancers (Shoals:4)
  A death knight (D:13)
  A hell hog (Gauntlet)
  2 two-headed ogres
  4 death yaks (Lair:4)
  2 orc high priests
  4 tengu warriors
  Nergalle (Lair:3)
  7 sea snakes
  A fire crab (shapeshifter) (D:14)
  A wizard (Gauntlet)
  An orange crystal statue (Gauntlet)
  2 orc knights
  19 harpies
  14 wolf spiders
  2 deep elf pyromancers
  A phantasmal warrior (D:13)
  14 orb spiders
  A deep elf zephyrmancer (Orc:2)
  Pikel (D:9)
  10 ugly things
  3 orc sorcerers
  15 manticores
  15 fauns
  2 moths of wrath
  Joseph (D:9)
  Maurice (D:13)
  5 cyclopes
  A guardian serpent (D:12)
  13 merfolk sirens
  12 elephants
  7 water nymphs
  A torpor snail (Spider:2)
  7 black mambas
  3 centaur skeletons
  A hellion (Gauntlet)
  A gargoyle (D:13)
  An efreet (D:14)
  18 cane toads
  15 komodo dragons
  8 demonic crawlers
  3 tengu conjurers
  2 freezing wraiths (D:13)
  4 rime drakes
  A yaktaur (D:14)
  12 trolls
  A queen bee (Spider:4)
  3 meliai (Spider:4)
  36 merfolk
  5 hornets
  3 polar bears
  2 wind drakes
  A hornet (shapeshifter) (D:15)
  18 jumping spiders
  Prince Ribbit (D:8)
  4 blink frogs (Lair:1)
  10 snapping turtles
  3 dream sheep (Shoals:2)
  8 slime creatures
  3 flying skulls (Gauntlet)
  54 redbacks
  4 shadows
  2 vampires
  6 wraiths
  29 yaks
  7 water elementals
  30 tarantellas
  9 wyverns
  2 fire bats (Gauntlet)
  2 hogs (Shoals:1)
  9 basilisks
  9 vampire mosquitoes
  6 wargs
  3 hell hounds (Gauntlet)
  An acid dragon (D:15)
  18 water moccasins
  A soldier ant (D:15)
  28 orc warriors
  3 black bears
  5 ice beasts
  4 sky beasts
  An eye of draining (D:14)
  A swamp drake (Orc:2)
  A hornet zombie (D:15)
  9 wolves
  11 ogres
  15 centaurs
  6 phantoms
  4 kobold brigands
  12 bullfrogs
  A gnoll sergeant (D:13)
  6 scorpions
  27 killer bees
  21 wights
  7 howler monkeys
  4 electric eels
  A crimson imp (Orc:2)
  4 bullfrog zombies
  2 centaur zombies
  A quasit (D:12)
  23 orc priests
  7 jellies
  2 bullfrog skeletons
  2 hounds
  An iron imp (Orc:2)
  4 iguanas
  Jessica (D:2)
  32 orc wizards
  9 worker ants
  A killer bee zombie (D:10)
  A hound zombie (D:7)
  2 hound skeletons (D:4)
  A howler monkey zombie (D:5)
  A worker ant zombie (D:6)
  30 gnolls
  A howler monkey skeleton (D:6)
  19 adders
  4 shadow imps
  9 white imps
  An ufetubus (D:6)
  3 oozes
  2 adder skeletons
  5 worms
  4 dart slugs
  4 leopard geckos
  111 orcs
  13 bats
  12 giant cockroaches
  13 goblins
  15 hobgoblins
  6 jackals
  35 kobolds
  4 quokkas
  3 ball pythons
  2 frilled lizards (D:2)
  A quokka zombie (D:9)
  11 rats
  A butterfly (Lair:4)
  9 tentacles
  A withered plant (Shoals:3)
1182 creatures vanquished.

Vanquished Creatures (collateral kills)
  A yak (D:12)
  A bullfrog zombie (D:12)
  An adder (D:12)
3 creatures vanquished.

Vanquished Creatures (others)
  A sea snake (Shoals:4)
  A harpy (Shoals:4)
  A tarantella (Spider:4)
  4 humans (Shoals:1)
  An orc priest (Orc:1)
  An orc wizard (Orc:2)
  A white imp (Orc:2)
  An orc (Orc:2)
  40 fungi
  122 plants
  17 tentacles
190 creatures vanquished.

Grand Total: 1375 creatures vanquished

Notes
Turn   | Place    | Note
-------+----------+-------------------------------------------
     0 | D:1      | Morbidden the Demonspawn Fighter began the quest for the
                  | Orb.
     0 | D:1      | Reached XP level 1. HP: 18/18 MP: 1/1
   122 | D:1      | Reached skill level 3 in Shields
   124 | D:1      | Gained mutation: You have a pair of small horns on your
                  | head. [demonic ancestry]
   124 | D:1      | Reached XP level 2. HP: 17/24 MP: 2/2
   942 | D:2      | Gained mutation: You may rarely emit foul miasma when
                  | damaged in melee. [demonic ancestry]
   942 | D:2      | Reached XP level 3. HP: 29/29 MP: 3/3
   943 | D:2      | Noticed Jessica
   966 | D:2      | Killed Jessica
  1674 | D:2      | Gained mutation: Spells you cast may paralyse adjacent
                  | enemies. [demonic ancestry]
  1674 | D:2      | Reached XP level 4. HP: 34/37 MP: 4/4
  1704 | D:2      | Reached skill level 1 in Dodging
  2261 | D:3      | Gained mutation: You sometimes emit foul miasma when
                  | damaged in melee. [demonic ancestry]
  2261 | D:3      | Reached XP level 5. HP: 38/42 MP: 5/5
  2265 | D:3      | Found a glowing drain.
  2269 | Sewer    | Entered a sewer
  2492 | Sewer    | Reached skill level 4 in Shields
  2501 | Sewer    | Reached skill level 1 in Short Blades
  2501 | Sewer    | Gained mutation: You have a pair of horns on your head.
                  | [demonic ancestry]
  2501 | Sewer    | Reached XP level 6. HP: 46/48 MP: 6/6
  2774 | D:3      | Found a shadowy altar of Dithmenos.
  3420 | D:4      | Reached XP level 7. HP: 53/55 MP: 7/7
  3477 | D:4      | Found a glowing golden altar of the Shining One.
  3547 | D:4      | Found Mior's Magic Scroll Boutique.
  3573 | D:4      | Bought a scroll of teleportation for 39 gold pieces
  3573 | D:4      | Bought a scroll of blinking for 97 gold pieces
  3723 | D:4      | Reached skill level 5 in Shields
  3794 | D:4      | Got a translucent chain mail
  3805 | D:4      | Identified the +1 chain mail of the Spheres {Regen+ Int+3
                  | Slay+3 Stlth-} (You found it on level 4 of the Dungeon)
  4146 | D:5      | Entered Level 5 of the Dungeon
  4539 | D:5      | Reached skill level 5 in Fighting
  4721 | D:5      | Reached XP level 8. HP: 62/62 MP: 8/8
  4778 | D:5      | Reached skill level 6 in Shields
  5145 | D:6      | Found a transporter.
  5147 | D:6      | Found a transporter.
  5284 | D:6      | Found a bloodstained altar of Trog.
  5312 | D:6      | Reached skill level 5 in Armour
  5534 | D:6      | Reached skill level 7 in Shields
  5586 | D:6      | Found Cemiakhlu's Jewellery Shoppe.
  5633 | D:6      | Found an ornate altar of the Wu Jian Council.
  5768 | D:6      | Reached XP level 9. HP: 69/69 MP: 9/9
  5946 | D:6      | Upgraded the game from 0.27-a0-404-g4390dbc5be to
                  | 0.27-a0-409-gd57800a693
  6084 | D:7      | Found a staircase to the Ecumenical Temple.
  6100 | Temple   | Entered the Ecumenical Temple
  6233 | Temple   | Became a worshipper of Cheibriados the Contemplative
  6282 | D:7      | Reached skill level 1 in Spellcasting
  6563 | D:7      | Found a white marble altar of Elyvilon.
  6821 | D:8      | Reached skill level 1 in Invocations
  6966 | D:8      | Reached * piety under Cheibriados
  7072 | D:8      | Noticed Prince Ribbit
  7118 | D:8      | Found an ancient bone altar of Kikubaaqudgha.
  7182 | D:8      | Killed Prince Ribbit
  7604 | D:9      | Reached skill level 8 in Shields
  7653 | D:9      | Reached ** piety under Cheibriados
  7760 | D:9      | Gained mutation: Spells you cast may paralyse nearby
                  | enemies. [demonic ancestry]
  7760 | D:9      | Reached XP level 10. HP: 77/77 MP: 14/14
  7764 | D:9      | Noticed Joseph
  7802 | D:9      | Reached skill level 5 in Short Blades
  7804 | D:9      | Reached skill level 5 in Dodging
  7811 | D:9      | Killed Joseph
  7826 | D:9      | Found a staircase to the Lair.
  7906 | D:9      | Learned a level 2 spell: Searing Ray
  7943 | D:9      | Reached *** piety under Cheibriados
  7991 | D:9      | Noticed Pikel
  8001 | D:9      | Killed Pikel
  8005 | D:9      | Found Zin's Purification Station.
  8008 | D:9      | Found a glowing silver altar of Zin.
  8382 | D:10     | Entered Level 10 of the Dungeon
  8431 | D:10     | Reached skill level 9 in Shields
  8459 | D:10     | Reached skill level 1 in Conjurations
  8460 | D:10     | Reached **** piety under Cheibriados
  9089 | D:11     | Found Kaze's Weapon Boutique.
  9107 | D:11     | Reached XP level 11. HP: 66/84 MP: 11/16
  9267 | D:6      | Bought the amulet "Omer" {Regen+ Int+2 SInv} for 499 gold
                  | pieces
  9405 | D:12     | Noticed a boulder beetle
  9433 | D:12     | Killed a boulder beetle
  9499 | D:12     | Found a flagged portal.
  9513 | Bailey   | Entered a bailey
  9536 | Bailey   | Reached ***** piety under Cheibriados
  9817 | D:12     | Found a staircase to the Orcish Mines.
  9830 | D:12     | Found a roughly hewn altar of Beogh.
  9836 | D:12     | Reached skill level 5 in Invocations
 10256 | D:12     | Reached skill level 10 in Shields
 10295 | D:12     | Identified a scroll of acquirement
 10295 | D:12     | Acquired the +10 kite shield of the Fife {rPois rF+++ Will-
                  | MP+9}
 10368 | D:12     | Learned a level 4 spell: Iskenderun's Mystic Blast
 10548 | D:11     | Found Ozaghub's General Store.
 10548 | D:11     | Noticed a two-headed ogre
 10554 | D:11     | Killed a two-headed ogre
 10560 | D:11     | Found a transporter.
 10599 | D:11     | Found a transporter.
 10599 | D:11     | Noticed UristMcRaven's ghost (journeyman VSEE)
 10669 | D:11     | Found Iquyh's General Store.
 10717 | D:11     | Found Oweewuots's Assorted Antiques.
 10862 | D:11     | Found Qongon's Book Shoppe.
 11038 | D:13     | Noticed a tengu warrior
 11048 | D:13     | Reached skill level 1 in Translocations
 11067 | D:13     | Killed a tengu warrior
 11147 | D:13     | Noticed a two-headed ogre
 11155 | D:13     | Killed a two-headed ogre
 11159 | D:13     | Noticed Maurice
 11166 | D:13     | Killed Maurice
 11166 | D:13     | Reached ****** piety under Cheibriados
 11167 | D:13     | Gained mutation: You have a somewhat thin skeletal
                  | structure. (Dex +2, Stealth) [demonic ancestry]
 11167 | D:13     | Reached XP level 12. HP: 92/92 MP: 18/18
 11191 | D:13     | Identified the +9 war axe of Orewk {vorpal, +Blink Str+4}
 11279 | D:13     | Noticed a centaur warrior
 11280 | D:13     | Noticed a rakshasa
 11285 | D:13     | Killed a centaur warrior
 11286 | D:13     | Reached skill level 11 in Shields
 11304 | D:13     | Killed a rakshasa
 11363 | D:13     | Found a stormy altar of Qazlal.
 11409 | D:13     | Found a glowing golden altar of the Shining One.
 11637 | D:14     | Noticed a sphinx
 11637 | D:14     | Noticed a death knight
 11640 | D:14     | Noticed mojasp's ghost (journeyman VSBe)
 11654 | D:13     | Killed a death knight
 11655 | D:13     | Reached skill level 5 in Spellcasting
 11758 | D:14     | Found a runed translucent gate.
 11758 | D:14     | Found a runed translucent gate.
 11758 | D:14     | Found a runed translucent gate.
 11854 | D:14     | Noticed a tengu warrior
 11863 | D:14     | Killed a tengu warrior
 11887 | D:14     | Noticed a boulder beetle
 11889 | D:14     | Noticed a tengu warrior
 11889 | D:14     | Noticed an ogre mage
 11890 | D:14     | Noticed a six-headed hydra
 11892 | D:14     | Noticed a four-headed hydra
 11902 | D:14     | Killed a tengu warrior
 11902 | D:14     | Killed a boulder beetle
 11902 | D:14     | Paralysed by an ogre mage for 4 turns
 11903 | D:14     | Reached skill level 12 in Shields
 11906 | D:14     | Killed a four-headed hydra
 11906 | D:14     | Killed an ogre mage
 11907 | D:14     | Reached XP level 13. HP: 20/99 MP: 10/21
 12161 | D:14     | Identified the Compendium of Serendipity
 12168 | D:14     | Got a smouldering buckler
 12169 | D:14     | Identified the +0 buckler of Good Intentions {Will+ Str+8}
                  | (You found it on level 14 of the Dungeon)
 12207 | D:14     | Reached skill level 5 in Conjurations
 12273 | D:14     | Found a gate to the Vaults.
 12622 | D:15     | Entered Level 15 of the Dungeon
 13221 | D:15     | Found a white marble altar of Elyvilon.
 13337 | D:15     | Found Loin Noo's Demolitions Depot.
 13499 | D:15     | Found a staircase to the Depths.
 13755 | Lair:1   | Entered Level 1 of the Lair of Beasts
 14582 | Lair:2   | Gained mutation: You have a moderately thin skeletal
                  | structure. (Dex +4, Stealth+) [demonic ancestry]
 14582 | Lair:2   | Reached XP level 14. HP: 90/108 MP: 23/23
 14698 | Lair:2   | Found a hole to the Spider Nest.
 15079 | Lair:3   | Noticed Nergalle
 15086 | Lair:3   | Killed Nergalle
 15318 | Lair:3   | Found an ornate altar of the Wu Jian Council.
 15446 | Lair:3   | Noticed Gastronok
 15459 | Lair:3   | Killed Gastronok
 15460 | Lair:3   | Reached skill level 13 in Shields
 16442 | Lair:4   | Reached skill level 5 in Long Blades
 16464 | Lair:4   | Reached skill level 5 in Translocations
 16641 | Lair:4   | Paralysed by a centaur for 2 turns
 16653 | Lair:4   | Found a staircase to the Shoals.
 18039 | Lair:6   | Entered Level 6 of the Lair of Beasts
 18133 | Lair:6   | Reached skill level 1 in Stealth
 18175 | Lair:6   | Gained mutation: You have an unnaturally thin skeletal
                  | structure. (Dex +6, Stealth++) [demonic ancestry]
 18175 | Lair:6   | Reached XP level 15. HP: 114/115 MP: 12/25
 18185 | Lair:6   | Found a gate leading to a gauntlet.
 18191 | Lair:6   | Found a staircase to the Slime Pits.
 18191 | Lair:6   | Found a viscous altar of Jiyva.
 18194 | Gauntlet | Entered a Gauntlet
 18194 | Gauntlet | Found a transporter.
 18258 | Gauntlet | Found a transporter.
 18261 | Gauntlet | Found a transporter.
 18262 | Gauntlet | Found a transporter.
 18271 | Gauntlet | Found a transporter.
 18273 | Gauntlet | Found a transporter.
 18274 | Gauntlet | Found a transporter.
 18283 | Gauntlet | Found a transporter.
 18286 | Gauntlet | Found a transporter.
 18287 | Gauntlet | Found a transporter.
 18294 | Gauntlet | Found a runed translucent door.
 18297 | Gauntlet | Found a transporter.
 18298 | Gauntlet | Found a transporter.
 18299 | Gauntlet | Found a transporter.
 18310 | Gauntlet | Found a transporter.
 18413 | Gauntlet | Reached skill level 1 in Evocations
 18480 | Gauntlet | Reached skill level 10 in Invocations
 18627 | Gauntlet | Got a slimy bone ring
 18628 | Gauntlet | Identified the ring "Kaesoam" {Ice Will+} (You found it in
                  | a Gauntlet)
 18683 | Gauntlet | Identified the +3 acid dragon scales of Hadjma {Harm rCorr}
 19106 | Lair:6   | Reached skill level 10 in Fighting
 19121 | Lair:6   | Identified Sif Muna's Volume of Fetching Unholy Arts
 19162 | Lair:6   | Learned a level 6 spell: Iron Shot
 19572 | Orc:1    | Entered Level 1 of the Orcish Mines
 19645 | Orc:1    | Found a roughly hewn altar of Beogh.
 19679 | Orc:1    | Noticed an orc warlord
 19692 | Orc:1    | Killed an orc warlord
 19710 | Orc:1    | Gained mutation: You expend magic power (3 MP) to
                  | strengthen your wands. [a neqoxec]
 20064 | Orc:1    | Reached skill level 1 in Earth Magic
 20186 | Orc:2    | Entered Level 2 of the Orcish Mines
 20257 | Orc:2    | Found a staircase to the Elven Halls.
 20293 | Orc:2    | Noticed Saint Roka
 20322 | Orc:2    | Killed Saint Roka
 20323 | Orc:2    | Found Idauj's Antique Armour Shoppe.
 20324 | Orc:2    | Found a roughly hewn altar of Beogh.
 20438 | Orc:2    | Found Wuitehuwk's Antique Weapon Emporium.
 20471 | Orc:2    | Bought a translucent dagger for 175 gold pieces
 20471 | Orc:2    | Identified the +8 dagger of Dishonesty {holy, rC+ Str+2
                  | Dex+3} (You bought it in a shop on level 2 of the Orcish
                  | Mines)
 20520 | Orc:2    | Found a roughly hewn altar of Beogh.
 20521 | Orc:2    | Found Qaifod's Weapon Boutique.
 20642 | Orc:2    | Found a transporter.
 20642 | Orc:2    | Noticed Xuxicuu's ghost (journeyman TrMo)
 20711 | Orc:2    | Found a roughly hewn altar of Beogh.
 20712 | Orc:2    | Found Naih's Assorted Antiques.
 20748 | Orc:2    | Bought a pair of shimmering boots for 313 gold pieces
 20748 | Orc:2    | Identified the +5 pair of boots of Bitterness {+Fly rElec
                  | rC- SInv} (You bought it in a shop on level 2 of the Orcish
                  | Mines)
 21013 | Orc:2    | Found a roughly hewn altar of Beogh.
 21085 | Orc:2    | Found a transporter.
 21530 | Orc:2    | Found a roughly hewn altar of Beogh.
 21768 | Spider:1 | Entered Level 1 of the Spider Nest
 21982 | Spider:1 | You fall into a shaft and drop 1 floor!
 21987 | Spider:2 | Noticed Nikola
 22011 | Spider:2 | Killed Nikola
 22084 | Spider:2 | Noticed a ghost moth
 22102 | Spider:2 | Killed a ghost moth
 22266 | Spider:2 | Noticed Arachne
 22305 | Spider:2 | Killed Arachne
 22306 | Spider:2 | Reached XP level 16. HP: 81/124 MP: 2/28
 23663 | Spider:1 | Reached skill level 14 in Shields
 24780 | Spider:4 | Entered Level 4 of the Spider Nest
 25234 | Spider:4 | Noticed Louise
 25256 | Spider:4 | Killed Louise
 25492 | Spider:4 | Noticed Asterion
 25501 | Spider:4 | Killed Asterion
 26083 | Spider:4 | Reached skill level 1 in Throwing
 26083 | Spider:4 | Reached XP level 17. HP: 110/133 MP: 3/29
 26315 | Spider:4 | Got a jewelled scale mail
 26331 | Spider:4 | Identified the +6 scale mail "Ocee" {Int+7 Dex+3} (You
                  | found it on level 4 of the Spider Nest)
 26502 | Spider:4 | Got a gossamer rune of Zot
 26659 | Shoals:1 | Entered Level 1 of the Shoals
 26678 | Shoals:1 | Reached skill level 5 in Evocations
 26693 | Shoals:1 | Noticed a kraken
 26762 | Shoals:1 | Killed a kraken
 26989 | Shoals:1 | Reached skill level 5 in Stealth
 27086 | Shoals:1 | Found Hynguli's Weapon Shop.
 27086 | Shoals:1 | Noticed Kirke
 27096 | Shoals:1 | Noticed Josephine
 27100 | Shoals:1 | Killed Kirke
 27105 | Shoals:1 | Killed Josephine
 27116 | Shoals:1 | Reached skill level 10 in Dodging
 27694 | Shoals:1 | Acquired the +1 cloak of Starlight {*Dazzle EV+4 Stlth--}
 27695 | Shoals:1 | Found the +1 cloak of Starlight {*Dazzle EV+4 Stlth--}
 28225 | Shoals:2 | Reached skill level 5 in Earth Magic
 28432 | Shoals:2 | Noticed a kraken
 28446 | Shoals:2 | Killed a kraken
 28582 | Shoals:2 | Noticed a kraken
 28600 | Shoals:2 | Killed a kraken
 28930 | Shoals:3 | Found Xuuptone's Weapon Boutique.
 29545 | Shoals:4 | Entered Level 4 of the Shoals
 29874 | Shoals:4 | Reached XP level 18. HP: 77/142 MP: 31/31
 29879 | Shoals:4 | Got a slimy tin ring
 29881 | Shoals:4 | Identified the ring of Arraogur {+Blink rN+ Int-5 Stlth+}
                  | (You found it on level 4 of the Shoals)
 30425 | Shoals:4 | Noticed Ilsuiw
 30447 | Shoals:4 | Killed Ilsuiw
 30458 | Shoals:4 | HP: 7/143 [merfolk/+0 trident (16)]
 30616 | Shoals:4 | Reached skill level 15 in Shields
 30622 | Shoals:4 | Reached skill level 10 in Conjurations
 30627 | Shoals:4 | Hit by a silver javelin thrown by a merfolk javelineer

Illustrated notes

Levels and vault maps discovered:
D:1:      dpeg_arrival_round_c, layout_basic, minmay_tetromino_i4
D:2:      cheibrodos_old_hovel, layout_basic, uniq_jessica
D:3:      layout_rooms, old_standard_altar, gup_sewer_entry_spiral
D:4:      layout_rooms, nicolae_tso_swordbearing_angel, serial_shops, shop
D:5:      layout_basic
D:6:      gammafunk_steamed_eel, layout_loops_ring, nzn_wu_jian_contemplation,
          marbit_many_paths, serial_shops, nicolae_shop_stone,
          minmay_manual_mullet
D:7:      layout_rooms, lemuel_coloured_pillars_altar,
          minmay_temple_entry_ruins, grunt_decor_arrowhead
D:8:      layout_loops_ring, serial_rivers, chequers_serial_rivers_micro_c,
          chequers_serial_rivers_small_b, chequers_serial_rivers_room_b,
          chequers_serial_rivers_small_a, chequers_serial_rivers_micro_d,
          basic_altar, uniq_prince_ribbit1
D:9:      layout_loops_ring, zin_purify, due_lair_maze_entry_diamond,
          uniq_joseph, uniq_pikel
D:10:     layout_basic, minmay_diced_spiral
D:11:     layout_irregular_city, gammafunk_ghost_mausoleum, serial_shops, shop,
          nicolae_shop_waterfront, shop, kennysheep_mini_moat,
          nicolae_shop_window_shopping
D:12:     layout_cross, minmay_orc_entry_temple_small, enter_bailey_3,
          nrook_guardian_serpent_double
D:13:     layout_loops_cross, basic_altar, grunt_qazlal_clouds, uniq_maurice
D:14:     minmay_the_grid_octo_2x2 [minmay_the_grid_octo_tetromino_candy,
          minmay_the_grid_octo_fan_narrow, minmay_the_grid_octo_77,
          minmay_the_grid_octo_prize_square_snowflake], layout_gridville,
          minmay_crystal_water, gammafunk_ghost_split
D:15:     grunt_enter_depths_snipers, layout_long_grid, bh_walls_and_bars,
          kennysheep_doodads, chequers_serial_rivers_large_b,
          nicolae_blasting_shop, elyvilon_altar_3
Temple:   nicolae_temple_elliptical
Lair:1:   layout_misc_corridors
Lair:2:   layout_gridlike, dummy_spider_entry
Lair:3:   layout_regular_city, basic_altar, uniq_gastronok, uniq_nergalle
Lair:4:   layout_cave_shapes, minmay_shoals_entry_centaurs, lemuel_fruit_fields,
          serial_bayou_shore_a
Lair:5:   layout_gridlike, lemuel_fruit_fields
Lair:6:   gammafunk_lair_ancient_temple, layout_misc_corridors, slime_altar_1,
          gauntlet_entry_generic
Shoals:1: layout_shoals, serial_shops, shop, uniq_kirke, uniq_josephine
Shoals:2: layout_shoals, nzn_prometheus_bound
Shoals:3: layout_shoals, serial_shops, nicolae_shop_statue_plus,
          argonaut_gorgonesque
Shoals:4: shoals_end_simple, layout_shoals, shoal_ilsuiw, ldierk_geyser
Spider:1: layout_spider_delve, hangedman_spider_trapstep
Spider:2: layout_spider_delve, uniq_arachne, uniq_nikola
Spider:3: layout_spider_delve, hangedman_spider_tarantella_strand
Spider:4: grunt_spider_rune_circles, special_room [special_room_bee],
          nicolae_spider_cling_ruins, uniq_louise, uniq_asterion
Orc:1:    layout_diamond_mine, basic_altar, small_statue_alley_c
Orc:2:    grunt_orc_community_town_hall, layout_diamond_mine,
          grunt_orc_community_big_house_1, grunt_orc_community_big_house_1,
          grunt_orc_community_house_1, grunt_orc_community_house_1,
          grunt_orc_community_house_1, grunt_orc_community_house_3,
          grunt_orc_community_house_1, gammafunk_ghost_arena,
          hangedman_minor_magic

Skill      XL: |  1  2  3  4  5  6  7  8  9 10 11 12 13 14 15 16 17 18 |
---------------+-------------------------------------------------------+-----
Shields        | 3 4 5 7 8 9 10 12 13 14 15 | 15.0
Armour         | 3 4 5 6 7 8 |  8.6
Dodging        | 1 2 3 4 5 6 7 8 9 10 | 10.5
Fighting       | 4 5 6 7 8 9 10 11 12 13 | 13.0
Long Blades    | 2 4 5 6 |  6.6
Short Blades   | 1 2 3 4 5 6 7 8 |  8.6
Spellcasting   | 2 3 4 5 6 7 8 9 |  9.7
Invocations    | 2 4 6 7 8 9 10 11 | 11.2
Conjurations   | 1 3 4 5 6 7 8 9 10 | 10.0
Translocations | 1 3 4 5 6 |  6.3
Stealth        | 1 3 4 5 |  5.7
Evocations     | 3 4 6 |  6.6
Earth Magic    | 2 4 5 |  5.8
Throwing       | 1 |  1.5

Action                   |  1- 3 |  4- 6 |  7- 9 | 10-12 | 13-15 | 16-18 || total
-------------------------+-------+-------+-------+-------+-------+-------++-------
Melee: Long sword        |    24 |    22 |       |       |       |       ||    46
       Dagger            |    44 |   217 |   422 |   687 |   156 |       ||  1526
       Headbutt          |    11 |    44 |   113 |   292 |   386 |   334 ||  1180
       Club              |    17 |       |       |       |       |       ||    17
       Scimitar          |       |       |       |       |   717 |       ||   717
       Rapier            |       |       |       |       |    47 |   899 ||   946
Throw: Dart              |     1 |       |       |       |    10 |    71 ||    82
 Cast: Searing Ray       |       |       |       |     1 |    17 |    44 ||    62
       Iskenderun's Myst |       |       |       |       |    47 |    50 ||    97
Invok: Slouch            |       |       |       |     6 |     6 |    11 ||    23
       Bend Time         |       |       |       |       |       |     1 ||     1
       Step From Time    |       |       |       |       |       |     1 ||     1
Evoke: Wand              |       |       |       |       |    15 |    21 ||    36
       Tin of tremorston |       |       |       |       |     2 |     7 ||     9
  Use: Scroll            |       |       |     4 |     7 |    21 |     9 ||    41
       Potion            |       |       |       |       |     1 |       ||     1
 Stab: Distracted        |       |       |       |     3 |     1 |     5 ||     9
       Paralysed         |       |       |       |       |     5 |     4 ||     9
       Sleeping          |       |       |       |       |     3 |     1 ||     4
       Held in net/web   |       |       |       |       |       |     1 ||     1
       Invisible         |       |       |       |       |       |    12 ||    12
Armor: Scale mail        |    42 |    82 |    41 |       |       |       ||   165
       Chain mail        |       |       |    82 |   127 |   203 |   231 ||   643
Dodge: Dodged            |    28 |    88 |   112 |   267 |   562 |   716 ||  1773
Block: Kite shield       |    33 |   106 |   215 |   784 |  1418 |  1682 ||  4238
       Rpst.: Long sword |     4 |     2 |       |       |       |       ||     6
       Scimitar          |       |       |       |       |    84 |       ||    84

Table legend: (Time is in decaauts)
 A = Elapsed time spent in this place.
 B = Non-inter-level travel time spent in this place.
 C = Inter-level travel time spent in this place.
 D = Time resting spent in this place.
 E = Time spent auto-exploring this place.
 F = Levels seen in this place.
 G = Mean time per level.
                   A        B        C        D        E       F      G
               +--------+--------+--------+--------+--------+-----+--------+
         Total |  45746 |  42466 |   3280 |    831 |  33125 |  35 | 1307.0 |
       Dungeon |  17438 |  15541 |   1897 |     53 |  12584 |  15 | 1162.5 |
        Temple |    156 |    150 |      6 |      0 |    123 |   1 |  156.0 |
          Lair |   9172 |   8555 |    617 |    100 |   7194 |   6 | 1528.7 |
        Shoals |   6151 |   5871 |    280 |     92 |   4193 |   4 | 1537.8 |
   Spider Nest |   7674 |   7263 |    411 |    491 |   5570 |   4 | 1918.5 |
  Orcish Mines |   3435 |   3367 |     68 |      0 |   2556 |   2 | 1717.5 |
         Sewer |    449 |    449 |      0 |      0 |    312 |   1 |  449.0 |
        Bailey |    359 |    359 |      0 |      0 |    245 |   1 |  359.0 |
      Gauntlet |    908 |    908 |      0 |     95 |    346 |   1 |  908.0 |
               +--------+--------+--------+--------+--------+-----+--------+

Top non-repeatable levels by time:
Spider:4: 2249 daAuts
Spider:2: 2171 daAuts
   Orc:2: 2146 daAuts
  Lair:5: 1851 daAuts
Spider:1: 1830 daAuts
Shoals:1: 1808 daAuts
    D:15: 1738 daAuts
  Lair:4: 1732 daAuts
  Lair:3: 1683 daAuts
Shoals:3: 1530 daAuts
Shoals:4: 1492 daAuts
    D:12: 1440 daAuts
Spider:3: 1422 daAuts
     D:9: 1416 daAuts
  Lair:2: 1384 daAuts
